 Dungeon Crawl Stone Soup version 0.28.0-43-g3370ac3207 (webtiles) character file.

Game seed: 7949404900581552572

649 Ablot the Grasshopper (level 7, 0/56 HPs)
             Began as a Gnoll Warper on Mar 3, 2022.
             Was an Initiate of Cheibriados.
             Slain by a hound (2 damage)
             ... on level 3 of the Dungeon.
             The game lasted 00:06:45 (4910 turns).

Ablot the Grasshopper (Gnoll Warper)                Turns: 4910, Time: 00:06:46

Health: 0/56       AC:  3    Str: 13    XL:     7   Next: 53%
Magic:  14/15      EV: 13    Int: 13    God:    Cheibriados [......]
Gold:   124        SH:  0    Dex: 13    Spells: 15/17 levels left

rFire   . . .      SeeInvis .   a - +0 spear
rCold   . . .      Faith    .   (no shield)
rNeg    . . .      Spirit   .   b - +0 leather armour
rPois   .          Reflect  .   (no helmet)
rElec   .          Harm     .   (no cloak)
rCorr   .          Rampage  .   (no gloves)
Will    .....                   (no boots)
Stlth   ++........              (no amulet)
HPRegen 0.18/turn               (no ring)
MPRegen 0.14/turn               (no ring)

@: very slow
A: fangs 1, strong nose, distributed training
a: Renounce Religion


You were on level 3 of the Dungeon.
You worshipped Cheibriados.
Cheibriados was noncommittal.
You visited 1 branch of the dungeon, and saw 4 of its levels.

You collected 124 gold pieces.

Inventory:

Hand Weapons
 a - a +0 spear (weapon)
Missiles
 d - 5 boomerangs of dispersal
 h - 81 arrows
 m - 16 bolts
 n - 65 stones
 p - 2 boomerangs (quivered)
 t - 4 javelins
Armour
 b - a +0 leather armour (worn)
Magical Staves
 f - a staff of death
Scrolls
 c - a scroll of blinking
 e - a scroll of amnesia {unknown}
 k - 2 scrolls of teleportation {unknown}
 l - 2 scrolls of magic mapping {unknown}
 o - a scroll of noise {unknown}
 q - a scroll of fog {unknown}
 s - a scroll of fear {unknown}
Potions
 g - 2 potions of heal wounds {unknown}
 i - 2 potions of flight {unknown}
 j - 5 potions of curing
 r - a potion of attraction {unknown}
 u - a potion of lignification {unknown}


   Skills:
 + Level 5.2 Fighting
 + Level 2.5 Short Blades
 + Level 2.5 Long Blades
 + Level 2.5 Axes
 + Level 2.5 Maces & Flails
 + Level 5.2 Polearms
 + Level 2.5 Staves
 + Level 2.5 Slings
 + Level 2.5 Bows
 + Level 2.5 Crossbows
 + Level 3.6 Throwing
 + Level 3.6 Armour
 + Level 5.2 Dodging
 + Level 2.5 Stealth
 + Level 2.5 Shields
 + Level 2.5 Unarmed Combat
 + Level 5.6 Spellcasting
 + Level 2.0 Conjurations
 + Level 2.0 Hexes
 + Level 2.0 Summonings
 + Level 2.0 Necromancy
 + Level 5.8 Translocations
 + Level 2.0 Transmutations
 + Level 2.0 Fire Magic
 + Level 2.0 Ice Magic
 + Level 2.0 Air Magic
 + Level 2.0 Earth Magic
 + Level 2.0 Poison Magic
 + Level 2.8 Invocations
 + Level 2.5 Evocations


You had 15 spell levels left.
You knew the following spells:

 Your Spells              Type           Power      Damage    Failure   Level
a - Blink                 Tloc           36%        N/A       3%          2

Your spell library contained the following spells:

 Spells                   Type           Power      Damage    Failure   Level
 Apportation              Tloc           36%        N/A       1%          1
 Gell's Gravitas          Tloc           18%        N/A       6%          3
 Lesser Beckoning         Tloc           18%        N/A       6%          3
 Teleport Other           Tloc           18%        N/A       6%          3
 Manifold Assault         Tloc           18%        N/A       47%         5
 Alistair's Intoxication  Tmut/Pois      6%         N/A       94%         5


Dungeon Overview and Level Annotations

Branches:
Dungeon (4/15)
 Temple: D:4-7

Altars:
Cheibriados
Qazlal
Wu Jian

Shops:
D:2 !

Annotations:
D:3 1 runed translucent door, 1 exclusion


Innate Abilities, Weirdness & Mutations

You have very sharp teeth.
Your uncanny sense of smell can sniff out nearby items.
Your experience applies equally to all skills.


Message History

The hound misses you.
The orc wizard hits you with a +0 dagger.
* * * LOW HITPOINT WARNING * * *
You hit the orc wizard but do no damage.
The orc wizard is severely wounded.
The hound misses you.
You hit the orc wizard but do no damage.
The orc wizard is severely wounded.
The hound bites you.
* * * LOW HITPOINT WARNING * * *
The orc wizard hits you but does no damage.
You hit the orc wizard.
The orc wizard is severely wounded.
The hound misses you.
The orc wizard points at you and mumbles some strange words.
You resist with some effort. The hound bites you.
* * * LOW HITPOINT WARNING * * *
You closely miss the orc wizard.
The orc wizard is severely wounded.
The hound misses you.
The orc wizard casts a spell.
The orc wizard flickers and vanishes!
Deactivating autopickup; reactivate with Ctrl-A.
Unknown command.
Casting: Blink (safe; 3% risk of failure)
Confirm with . or Enter, or press ? or * to list all spells.
You blink.
The hound bites you but does no damage. The hound bites you but does no damage.
The hound barely misses you.
You hear some strange, mumbled words.
A puff of flame appears from out of thin air!
The puff of flame hits you.
* * * LOW HITPOINT WARNING * * *
The hound bites you.
* * * LOW HITPOINT WARNING * * *
You feel stable enough to blink again. The hound misses you.
The hound barely misses you. The hound bites you.
You die...

....)...#.##.##..........##...###
.......................######.# #
........##..<#########..#####.###
####....##>#.# #..........#
#....##.#.# #...........
#####...#.# #...........
######.###.# ######...........
#......#...####...............#
#.#####.....##@.####...........
#............h.########........
###'####.......#####......#...###
...## #.......#.....######.### #
##.# ##........#####......# ##
...# #>......### #......# #. .###
#.......# #......# #. ...#
#.......# #......# #.
#.#######.....## #......# #.


You could see a hound.

Vanquished Creatures
  Grinder (D:3)
  Sigmund (D:3)
  The ghost of joakim the Skirmisher, a weakling MiBe of Trog (D:3)
  A centaur zombie (D:3)
  A bullfrog skeleton (D:3)
  Natasha (thrice) (D:3)
  A howler monkey zombie (D:3)
  3 gnolls
  An adder (D:2)
  4 dart slugs
  3 orcs
  7 ball pythons
  8 endoplasms
  2 giant cockroaches
  7 goblins
  7 hobgoblins
  2 jackals (D:3)
  2 quokkas
  7 bats
  3 frilled lizards
  A kobold (D:1)
  5 rats
71 creatures vanquished.

Notes
Turn   | Place    | Note
-------+----------+-------------------------------------------
     0 | D:1      | Ablot the Gnoll Warper began the quest for the Orb.
     0 | D:1      | Reached XP level 1. HP: 20/20 MP: 6/6
   147 | D:1      | Reached XP level 2. HP: 26/26 MP: 7/7
   150 | D:1      | Learned a level 2 spell: Blink
   518 | D:1      | Reached XP level 3. HP: 28/31 MP: 9/9
   857 | D:2      | Reached skill level 5 in Spellcasting
  1104 | D:1      | Reached skill level 1 in Invocations
  1573 | D:2      | Found a faded altar of an unknown god.
  1579 | D:2      | Found Waykovui's Distillery.
  1635 | D:2      | Reached skill level 1 in Short Blades
  1635 | D:2      | Reached skill level 1 in Long Blades
  1635 | D:2      | Reached skill level 1 in Axes
  1635 | D:2      | Reached skill level 1 in Maces & Flails
  1635 | D:2      | Reached skill level 1 in Staves
  1635 | D:2      | Reached skill level 1 in Slings
  1635 | D:2      | Reached skill level 1 in Bows
  1635 | D:2      | Reached skill level 1 in Crossbows
  1635 | D:2      | Reached skill level 1 in Stealth
  1635 | D:2      | Reached skill level 1 in Shields
  1635 | D:2      | Reached skill level 1 in Unarmed Combat
  1635 | D:2      | Reached skill level 1 in Evocations
  1811 | D:2      | Reached XP level 4. HP: 36/38 MP: 11/11
  2274 | D:3      | Reached skill level 1 in Conjurations
  2274 | D:3      | Reached skill level 1 in Hexes
  2274 | D:3      | Reached skill level 1 in Summonings
  2274 | D:3      | Reached skill level 1 in Necromancy
  2274 | D:3      | Reached skill level 1 in Transmutations
  2274 | D:3      | Reached skill level 1 in Fire Magic
  2274 | D:3      | Reached skill level 1 in Ice Magic
  2274 | D:3      | Reached skill level 1 in Air Magic
  2274 | D:3      | Reached skill level 1 in Earth Magic
  2274 | D:3      | Reached skill level 1 in Poison Magic
  2317 | D:3      | Noticed Sigmund
  2592 | D:3      | Noticed Grinder
  2610 | D:3      | Paralysed by Grinder for 4 turns
  2624 | D:3      | Killed Grinder
  2625 | D:3      | Reached XP level 5. HP: 11/43 MP: 12/12
  2625 | D:3      | Reached XP level 6. HP: 13/50 MP: 14/14
  2995 | D:3      | Reached skill level 5 in Fighting
  2995 | D:3      | Reached skill level 5 in Polearms
  2995 | D:3      | Reached skill level 5 in Dodging
  3089 | D:3      | Found a runed translucent door.
  3215 | D:3      | Noticed Natasha
  3216 | D:3      | Noticed a water elemental
  3230 | D:3      | HP: 1/51 [Natasha/puff of flame (8)]
  3232 | D:3      | Killed Natasha
  3233 | D:3      | Found a stormy altar of Qazlal.
  3235 | D:3      | Noticed a fire elemental
  3235 | D:3      | Noticed an air elemental
  3556 | D:3      | Found a runed translucent gate.
  3557 | D:3      | Found a runed translucent gate.
  3560 | D:3      | Found a runed translucent gate.
  3562 | D:3      | Noticed joakim's ghost (weakling MiBe)
  3620 | D:3      | Noticed Natasha
  3641 | D:3      | Killed Natasha
  3785 | D:3      | Found an ornate altar of the Wu Jian Council.
  3863 | D:3      | Found a snail-covered altar of Cheibriados.
  3967 | D:3      | Killed Sigmund
  3968 | D:3      | Reached XP level 7. HP: 8/56 MP: 13/15
  4349 | D:3      | Noticed Natasha
  4362 | D:3      | Killed Natasha
  4456 | D:3      | Became a worshipper of Cheibriados the Contemplative
  4534 | D:3      | Killed joakim's ghost
  4907 | D:3      | HP: 2/56 [something/puff of flame (6)]
  4910 | D:3      | Slain by a hound

Illustrated notes

Levels and vault maps discovered:
D:1:      dpeg_arrival_short_road, layout_basic, serial_aquarium,
          aquarium_bridge_island_small [aquarium_subvault_small_water,
          aquarium_subvault_bridge, aquarium_subvault_wall,
          aquarium_subvault_window, aquarium_subvault_window],
          aquarium_window_fake, aquarium_window_corner, aquarium_window_fake,
          aquarium_view_2c, aquarium_balcony_3a, hangedman_decor_growths
D:2:      layout_loops_cross, basic_ecumenical_altar, serial_shops, shop
D:3:      layout_rooms, mainiacjoe_overflow_swirl,
          nicolae_qazlal_style_of_elements, serial_glass, glass_columns_b,
          glass_columns_b, gammafunk_ghost_necromancy, grunt_decor_fettered,
          uniq_sigmund, uniq_crazy_yiuf_cottage, uniq_natasha, uniq_grinder
D:4:      layout_layer_cave, uniq_menkaure, uniq_edmund, uniq_robin

Skill      XL: |  1  2  3  4  5  6  7 |
---------------+----------------------+-----
Spellcasting   | 5 |  5.6
Invocations    | 1 2 |  2.8
Short Blades   | 1 2 |  2.5
Long Blades    | 1 2 |  2.5
Axes           | 1 2 |  2.5
Maces & Flails | 1 2 |  2.5
Staves         | 1 2 |  2.5
Slings         | 1 2 |  2.5
Bows           | 1 2 |  2.5
Crossbows      | 1 2 |  2.5
Stealth        | 1 2 |  2.5
Shields        | 1 2 |  2.5
Unarmed Combat | 1 2 |  2.5
Evocations     | 1 2 |  2.5
Conjurations   | 1 2 |  2.0
Hexes          | 1 2 |  2.0
Summonings     | 1 2 |  2.0
Necromancy     | 1 2 |  2.0
Transmutations | 1 2 |  2.0
Fire Magic     | 1 2 |  2.0
Ice Magic      | 1 2 |  2.0
Air Magic      | 1 2 |  2.0
Earth Magic    | 1 2 |  2.0
Poison Magic   | 1 2 |  2.0
Throwing       | 3 |  3.6
Armour         | 3 |  3.6
Fighting       | 5 |  5.2
Polearms       | 5 |  5.2
Dodging        | 5 |  5.2
Translocations | |  5.8

Action                   |  1- 3 |  4- 6 |  7- 9 || total
-------------------------+-------+-------+-------++-------
Melee: Spear             |   118 |   195 |    84 ||   397
       Bite              |     4 |    14 |     8 ||    26
       Punch             |     1 |     3 |     3 ||     7
Throw: Boomerang         |       |    16 |       ||    16
 Cast: Blink             |     1 |     2 |     1 ||     4
 Stab: Sleeping          |     1 |     2 |     3 ||     6
Armor: Leather armour    |    13 |    31 |    15 ||    59
Dodge: Dodged            |    47 |    92 |    58 ||   197
